 Dungeon Sprint DCSS version bcrawl-1.23 (webtiles) character file.

Game seed: 8810431265579738946

8 Freyura the Sneak (level 2, -15/27 HPs)
             Began as a Naga Sloth Apostle on May 23, 2020.
             Was a Follower of Cheibriados.
             Demolished by a two-headed ogre
             ... wielding a +0 giant spiked club
              (18 damage)
             ... in the Dungeon (Sprint IX: "|||||||||||||||||||||||||||||").
             The game lasted 00:01:33 (259 turns).

Freyura the Sneak (Naga Sloth Apostle)               Turns: 259, Time: 00:01:34

Health: -15/27     AC:  1    Str: 17    XL:     2   Next: 8%
Magic:  3/3        EV:  6    Int: 15    God:    Cheibriados [*.....]
Gold:   0          SH:  8    Dex: 13    Spells: 2/3 levels left

rFire    . . .     SeeInvis +   a - +0 mace
rCold    . . .     Gourm    .   c - +0 medium shield
rNeg     . . .     Faith    .   b - +0 robe
rPois    +         Spirit   .   (no helmet)
rElec    .         Reflect  .   (no cloak)
rCorr    .         Harm     .   (no gloves)
MR       .....     NoTele   +   (no barding)
Stlth    +++.......             (no amulet)
HPRegen  0.09/turn              (no ring)
MPRegen  0.08/turn              (no ring)

@: very slow
A: large, see invisible, deformed body, poison resistance, slowness 2, slow
metabolism 1, spit poison 1, AC +0
a: Spit Poison, Bend Time, Renounce Religion


You were in the Dungeon.
You worshipped Cheibriados.
Cheibriados was aware of your devotion.
You were not hungry.

You visited 1 branch

Inventory:

Hand Weapons
 a - a +0 mace (weapon)
Armour
 b - a +0 robe (worn)
 c - a +0 medium shield (worn)
Wands
 d - a wand of paralysis (9)
Scrolls
 k - a scroll of blinking
Potions
 f - a potion of curing
 g - a potion of heal wounds
 h - a potion of haste
 i - 2 potions of magic
 j - a potion of berserk rage
Comestibles
 e - a ration {!d}


   Skills:
 + Level 2.6 Fighting
 * Level 3.1 Maces & Flails
 - Level 4.8 Stealth
 + Level 2.1 Shields
 - Level 1.0 Spellcasting
 - Level 1.0 Hexes
 + Level 1.6 Invocations
 - Level 1.0 Evocations


You had 2 spell levels left.
You knew the following spells:

 Your Spells              Type           Power        Failure   Level  Hunger
a - Slow                  Hex            #.......     71%         1    ##.....
Your spell library was empty.

Dungeon Overview and Level Annotations

Branches:
Dungeon (1/1)

Altars:


Innate Abilities, Weirdness & Mutations

You cannot wear boots.
Your serpentine skin is tough. (AC +0)
You have supernaturally acute eyesight. (SInv)
Armour fits poorly on your strangely shaped body.
Your system is resistant to poisons. (rPois)
You cover ground very slowly.
You have a slow metabolism.
You can spit poison.


Message History

2 worker ants, a scorpion, a two-headed ogre and a crimson imp come into view.
The two-headed ogre shouts in stereo!
The crimson imp shouts!
The worker ant twitches its antennae in your direction.
The worker ant waves its antennae.
Evoke which item? (* to show all) (? for menu, Esc to quit)
Aiming: Paralyse
Press: ? - help, Shift-Dir - straight line, f - two-headed ogre
Aim: a two-headed ogre, wielding a +0 giant spiked club and a -3 giant club (chance to defeat MR: 31%)
The two-headed ogre easily resists.
The worker ant twitches its antennae in your direction.
The two-headed ogre hits you with a +0 giant spiked club!!
Ouch! That really hurt!
* * * LOW HITPOINT WARNING * * *
You block the two-headed ogre's attack.
The two-headed ogre barely misses you. x2
There is an open door, spattered with blood here.
You hit the two-headed ogre.
The two-headed ogre is lightly wounded.
The two-headed ogre hits you with a +0 giant spiked club!!
Ouch! That really hurt!
You die...

▓.▓
▓.▓
▓'▓
▓.▓
▓÷▓
▓.▓
▓.▓
▓.▓
▓@▓
▓O▓
▓s▓
▓5▓
▓a▓
▓a▓
▓+▓


You could see a two-headed ogre, a scorpion, 2 worker ants and a crimson imp.

Vanquished Creatures
  A dart slug (D)
  A giant cockroach (D)
  2 jackals (D)
  A kobold (D)
5 creatures vanquished.

Notes
Turn   | Place    | Note
-------+----------+-------------------------------------------
     0 | D        | Freyura the Naga Sloth Apostle began the quest for the Orb.
     0 | D        | Reached XP level 1. HP: 19/19 MP: 2/2
    12 | D        | Reached skill level 1 in Invocations
    15 | D        | Reached * piety under Cheibriados
    15 | D        | Reached XP level 2. HP: 10/27 MP: 3/3
   256 | D        | Noticed a scorpion
   256 | D        | Noticed a two-headed ogre
   256 | D        | Noticed a crimson imp
   259 | D        | Demolished by a two-headed ogre

Skill      XL: |  1 |
---------------+----+-----
Invocations    | 1 |  1.6
Shields        | 2 |  2.1
Maces & Flails | 3 |  3.1
Fighting       | |  2.6
Stealth        | |  4.8
Spellcasting   | |  1.0
Hexes          | |  1.0
Evocations     | |  1.0

Action                   || total
-------------------------++-------
Melee: Mace              ||    15
Evoke: Wand              ||     1
Dodge: Dodged            ||     7
Block: Medium shield     ||     8
